 Dungeon Crawl Stone Soup version 0.28.0-47-ge53b351184 (webtiles) character file.

Game seed: 917490285963990725

478 NinjaNoafa the Chiller (level 6, 0/67 HPs)
             Began as a Draconian Ice Elementalist on May 10, 2022.
             Was an Initiate of Sif Muna.
             Slain by Duvessa
             ... wielding a +0 short sword
              (11 damage)
             ... on level 4 of the Dungeon.
             The game lasted 00:12:57 (3937 turns).

NinjaNoafa the Chiller (Draconian Ice Elementalist) Turns: 3937, Time: 00:12:58

Health: 0/67       AC: 23    Str: 16    XL:     6   Next: 86%
Magic:  6/11       EV:  2    Int: 18    God:    Sif Muna [......]
Gold:   117        SH:  0    Dex: 11    Spells: 4/11 levels left

rFire   . . .      SeeInvis .   o - +0 scythe
rCold   . . .      Faith    .   (shield currently unavailable)
rNeg    . . .      Spirit   .   (armour unavailable)
rPois   +          Reflect  .   (helmet currently unavailable)
rElec   .          Harm     .   (cloak currently unavailable)
rCorr   .          Rampage  .   (gloves currently unavailable)
Will    .....      NoTele   +   (boots currently unavailable)
Stlth   +.........              k - amulet of magic regeneration
HPRegen 0.21/turn               j - +6 ring of strength
MPRegen 0.52/turn               (no ring)

@: lit by a corona, tree-form, freezing walls, very slightly contaminated,
hasted, glowing, very quick
A: stationary, stasis, torment immunity, boosted hp, AC +6, unfitting armour,
(cold-blooded)
a: Renounce Religion


You were on level 4 of the Dungeon.
You worshipped Sif Muna.
Sif Muna was noncommittal.
You were a tree.
You visited 2 branches of the dungeon, and saw 5 of its levels.

You collected 117 gold pieces.

Inventory:

Hand Weapons
 o - a +0 scythe (weapon)
Missiles
 b - 127 stones
Jewellery
 j - a +6 ring of strength (left branch)
 k - an amulet of magic regeneration (around neck)
Wands
 i - a wand of mindburst (2)
 n - a wand of acid (2)
Scrolls
 d - 3 scrolls of teleportation {unknown}
 e - a scroll of acquirement {unknown}
 f - 2 scrolls of fear {unknown}
 h - a scroll of vulnerability {unknown}
 m - 2 scrolls of identify {unknown}
 s - a scroll of magic mapping {unknown}
 t - a scroll of brand weapon {unknown}
Potions
 g - a potion of magic {unknown}
 l - a potion of flight {unknown}
 p - a potion of attraction {unknown}
 q - a potion of berserk rage {unknown}
 r - a potion of degeneration {unknown}


   Skills:
 + Level 3.3 Dodging
 - Level 1.7 Stealth
 - Level 3.3 Spellcasting
 * Level 2.1 Conjurations
 - Level 6.0 Ice Magic
 * Level 2.1 Air Magic


You had 4 spell levels left.
You knew the following spells:

 Your Spells              Type           Power      Damage    Failure   Level
a - Freeze                Ice            96%        1d11      1%          1
b - Frozen Ramparts       Ice            48%        1d6       4%          3
c - Ozocubu's Armour      Ice            24%        N/A       4%          3

Your spell library contained the following spells:

 Spells                   Type           Power      Damage    Failure   Level
 Magic Dart               Conj           40%        1d5       6%          1
 Shock                    Conj/Air       40%        1d5       6%          1
 Corpse Rot               Necr/Air       12%        N/A       16%         2
 Poisonous Vapours        Pois/Air       12%        N/A       16%         2
 Call Imp                 Summ           3%         N/A       24%         2
 Mephitic Cloud           Conj/Pois/Air  8%         N/A       26%         3
 Hailstorm                Conj/Ice       17%        3d6       28%         4


Dungeon Overview and Level Annotations

Branches:
Dungeon (4/15)             Temple (1/1) D:4

Altars:
Ashenzari
Cheibriados
Dithmenos
Elyvilon
Gozag
Hepliaklqana
Makhleb
Nemelex Xobeh
Okawaru
Qazlal
Ru
Sif Muna
Trog
Uskayaw
Vehumet
Wu Jian
Xom
Zin
The Shining One

Annotations:
D:4 1 runed translucent door, Duvessa; GigaChad's ghost, amateur MiFi


Innate Abilities, Weirdness & Mutations

You are a tree.
Your roots penetrate the ground, keeping you stationary.
You cannot be teleported.
You are immune to unholy pain and torment.
Your maximum health is greatly increased.
Your equipment is partially melded.
((Your plain brown scales are hard. (AC +6)))
You cannot fit into any form of body armour.
((You are cold-blooded and may be slowed by cold attacks.))


Message History

Casting: Frozen Ramparts (dangerous; 4% risk of failure)
Press: ? - help, Dir - look around, f - activate The walls around you are covered in ice.
Duvessa hits you but does no damage.
The wall freezes Dowan.
Dowan hits you but does no damage.
Casting: Frozen Ramparts (dangerous; 4% risk of failure)
Confirm with . or Enter, or press ? or * to list all spells.
You miscast Ozocubu's Armour.
You are very lightly contaminated with residual magic.
Nothing appears to happen.
Duvessa hits you with a +0 short sword.
The wall freezes Dowan.
Dowan closely misses you. Duvessa misses you.
Casting: Ozocubu's Armour (dangerous; 4% risk of failure)
Confirm with . or Enter, or press ? or * to list all spells.
Aiming: Freeze (safe; 1% risk of failure)
Press: ? - help, Shift-Dir - straight line, f - Dowan
Aim: Dowan, wielding a +0 dagger and wearing a +0 robe (heavily wounded)
You freeze Dowan.
Dowan is heavily wounded.
Duvessa closely misses you.
The wall freezes Dowan.
Dowan hits you with a +0 dagger.
Casting: Freeze (safe; 1% risk of failure)
Confirm with . or Enter, or press ? or * to list all spells.
Aiming: Freeze (safe; 1% risk of failure)
Press: ? - help, Shift-Dir - straight line, f/p - Dowan
Aim: Dowan, wielding a +0 dagger and wearing a +0 robe (severely wounded)
You freeze Dowan!
You kill Dowan!
Sif Muna accepts your kill.
Duvessa screams in rage.
Duvessa goes berserk!
Duvessa hits you with a +0 short sword! x2
* * * LOW HITPOINT WARNING * * *
Your Conjurations skill increases to level 2!
Your Air Magic skill increases to level 2!
Okay, then.
Really quaff the potion of lignification?
You turn into a tree.
Your roots penetrate the ground.
Duvessa hits you but does no damage.
It was a potion of haste.
You feel yourself speed up. Duvessa hits you with a +0 short sword!
You die...

####### #.....#
#.....#
#.....#.......#
#.....#.......#
#.....#.......#
#)e...#.......#+##
#♣...>#...........
###'###.....>.....
#..........†......
#.................
#.................
#.................
#.................
#......########+##
#......#...#.....#


You could see Duvessa (berserk, fast).

Vanquished Creatures
  Sigmund (D:2)
  2 scorpions (D:4)
  Dowan (D:4)
  Terence (D:2)
  4 gnolls (D:4)
  3 adders
  3 worms (D:2)
  A dart slug (D:3)
  6 endoplasms
  2 giant cockroaches
  4 goblins
  6 hobgoblins
  5 kobolds
  8 quokkas
  4 ball pythons
  5 bats
  6 frilled lizards
62 creatures vanquished.

Notes
Turn   | Place    | Note
-------+----------+-------------------------------------------
     0 | D:1      | NinjaNoafa the Draconian Ice Elementalist began the quest
                  | for the Orb.
     0 | D:1      | Reached XP level 1. HP: 14/14 MP: 3/3
   365 | D:1      | Reached XP level 2. HP: 15/20 MP: 3/5
   779 | D:1      | Found a faded altar of an unknown god.
   787 | D:1      | Got Plato's Reference Book on Feathers
  1404 | D:2      | Reached XP level 3. HP: 18/26 MP: 1/6
  1684 | D:2      | Noticed Sigmund
  1837 | D:2      | Noticed Terence
  1860 | D:2      | Killed Terence
  1861 | D:2      | Reached skill level 5 in Ice Magic
  1861 | D:2      | Reached XP level 4. HP: 23/33 MP: 3/8
  2085 | D:2      | Killed Sigmund
  2086 | D:2      | Reached XP level 5. HP: 38/38 MP: 9/9
  2279 | D:3      | Reached skill level 6 in Ice Magic
  2420 | D:3      | Learned a level 3 spell: Frozen Ramparts
  2424 | D:3      | Learned a level 3 spell: Ozocubu's Armour
  3139 | D:4      | Reached XP level 6. HP: 44/45 MP: 8/11
  3168 | D:4      | Reached skill level 1 in Conjurations
  3196 | D:4      | Found a runed translucent door.
  3203 | D:4      | Noticed GigaChad's ghost (amateur MiFi)
  3219 | D:4      | Reached skill level 1 in Air Magic
  3234 | D:4      | Found a staircase to the Ecumenical Temple.
  3243 | Temple   | Entered the Ecumenical Temple
  3553 | Temple   | Became a worshipper of Sif Muna the Loreminder
  3922 | D:4      | Noticed Dowan
  3923 | D:4      | Noticed Duvessa
  3935 | D:4      | Killed Dowan
  3937 | D:4      | Slain by Duvessa

Illustrated notes

Levels and vault maps discovered:
D:1:      minmay_arrival_jagged, layout_loops_corners,
          shapermc_ecumenical_altar_rom_forum, hangedman_decor_points,
          minmay_domino_4
D:2:      minmay_wonky_spiral, layout_rooms, uniq_terence, uniq_sigmund
D:3:      layout_basic, minmay_misc_feat_pillars
D:4:      layout_gridville, minmay_temple_entry_statues_pillars,
          ebering_ghost_reflecting_pool, chequers_serial_rivers_small_3,
          uniq_duvessa
Temple:   mainiacjoe_temple_bowtie_tessellation

Skill      XL: |  1  2  3  4  5  6 |
---------------+-------------------+-----
Dodging        | 2 3 |  3.3
Ice Magic      | 5 6 |  6.0
Spellcasting   | 3 |  3.3
Conjurations   | 2 |  2.1
Air Magic      | 2 |  2.1
Stealth        | |  1.7

Action                   |  1- 3 |  4- 6 || total
-------------------------+-------+-------++-------
Melee: Unarmed           |     1 |       ||     1
       Short sword       |    10 |    21 ||    31
       Tailslap          |       |     1 ||     1
       Scythe            |       |     4 ||     4
 Cast: Freeze            |    52 |    36 ||    88
       Frozen Ramparts   |       |     4 ||     4
       Ozocubu's Armour  |       |     2 ||     2
Evoke: Wand              |       |     3 ||     3
  Use: Potion            |       |     5 ||     5
 Stab: Sleeping          |     1 |       ||     1
Armor: Skin              |    10 |    26 ||    36
Dodge: Dodged            |    37 |    53 ||    90
